 Dungeon Crawl Stone Soup version 0.20.1-1-g8b1a95d (webtiles) character file.

242 Linguinho the Sneak (level 5, -2/38 HPs)
             Began as a Demonspawn Assassin on Oct 30, 2017.
             Slain by an orc
             ... wielding a +3 trident
              (6 damage)
             ... on level 3 of the Dungeon.
             The game lasted 00:05:45 (3357 turns).

Linguinho the Sneak (Demonspawn Assassin)           Turns: 3357, Time: 00:05:46

Health: -2/38      AC:  4    Str: 18    XL:     5   Next: 81%
Magic:  0/5        EV: 12    Int: 12    God:
Gold:   189        SH:  0    Dex: 14    Spells: 4/4 levels left

rFire    . . .     SeeInvis .   a - +2 dagger
rCold    . . .     Gourm    .   (no shield)
rNeg     . . .     Faith    .   u - +0 leather armour
rPois    .         Spirit   +   (no helmet)
rElec    .         Reflect  .   d - +0 cloak
rCorr    .         Harm     .   (no gloves)
MR       .....                  (no boots)
Stlth    +++.......             (no amulet)
Regen    0.2/turn               (no ring)
MPRegen  0.1/turn               (no ring)

@: mighty, lethally poisoned (-2 -> -8)
A: magic shield, rot immunity
a: no special abilities


You were on level 3 of the Dungeon.
You were hungry.

You visited 1 branch of the dungeon, and saw 3 of its levels.

You collected 189 gold pieces.

Inventory:

Hand Weapons
 a - a +2 dagger (weapon)
 b - a +0 blowgun
 r - a +0 short sword
Missiles
 e - 24 poisoned needles
 f - 2 curare-tipped needles
Armour
 c - a +0 robe
 d - a +0 cloak (worn)
 u - a +0 leather armour (worn)
 v - a +0 ring mail
 y - a +0 leather armour
Jewellery
 z - an uncursed ring of poison resistance {unknown}
Scrolls
 k - 3 scrolls of identify {unknown}
 m - 4 scrolls of teleportation {unknown}
 o - a scroll of amnesia {unknown}
 s - a scroll of enchant weapon {unknown}
 x - a scroll of noise {unknown}
Potions
 i - 2 potions of curing {unknown}
 l - a potion of degeneration {unknown}
 p - a potion of brilliance {unknown}
 q - a potion of might
 t - a potion of ambrosia {unknown}
Comestibles
 g - 3 bread rations
 h - 5 meat rations
 j - 10 fruits
 n - 2 royal jellies


   Skills:
 - Level 2.0 Fighting
 + Level 2.9 Short Blades
 - Level 1.7 Throwing
 * Level 1.8 Armour
 + Level 2.1 Dodging
 * Level 5.4 Stealth


You had 4 spell levels left.
You didn't know any spells.

Dungeon Overview and Level Annotations

Branches:
Dungeon (3/15)

Altars:
Ru


Innate Abilities, Weirdness & Mutations

When hurt, damage is shared between your health and your magic reserves.
You are immune to rotting.


Message History

You hit the orc.
The orc is almost dead.
You feel sick. The orc closely misses you.
You hit the orc wizard.
The orc wizard is lightly wounded.
The orc hits you from afar with an enchanted trident.
The orc wizard casts a spell at you. The puff of frost hits you!
* * * LOW HITPOINT WARNING * * *
You hit the orc wizard.
The orc wizard is heavily wounded.
* * * LOW HITPOINT WARNING * * *
You feel sick. The orc wizard hits you with a dagger.
* * * LOW HITPOINT WARNING * * *
Okay, then.
It was a potion of might.
You feel very mighty all of a sudden.
The orc wizard hits you but does no damage.
The orc hits you from afar with an enchanted trident!
You die...

...#.....##......................
...#..#.###....+#######'.#.......
...#....###....#...#...#.#.......
#..+....##.....#.†.#.†.#.##......
...#....##...###....)..###.......
.............#####._.###.........
..........#....#.......#.........
..........#....#...#.†.#.........
.#....#+###...o#@..#...#.........
.#.#.##.#.....oo#######+..#.<#...
...#....#.................#...(..
....#.................##..#......
....#.....................#......
....#.............(....####.#####
#..>#..................##.#.##...
#...#........####..(......#.##...
..###....##### #..##.###'#......


You could see an orc wizard and an orc.

Vanquished Creatures
  An orc wizard (D:3)
  Natasha (thrice) (D:2)
  6 adders
  An ooze (D:1)
  4 worms
  2 leopard geckos
  8 orcs (D:3)
  2 ball pythons (D:3)
  5 bats
  3 giant cockroaches
  6 goblins
  6 hobgoblins
  6 jackals
  5 kobolds
  2 frilled lizards (D:2)
  8 rats
68 creatures vanquished.

Notes
Turn   | Place    | Note
-------+----------+-------------------------------------------
     0 | D:1      | Linguinho the Demonspawn Assassin began the quest for the Orb.
     0 | D:1      | Reached XP level 1. HP: 16/16 MP: 1/1
   356 | D:1      | Reached skill level 4 in Stealth
   356 | D:1      | Gained mutation: When hurt, damage is shared between your health and your magic reserves. [demonic ancestry]
   356 | D:1      | Reached XP level 2. HP: 20/22 MP: 2/2
  1028 | D:2      | Reached skill level 1 in Dodging
  1072 | D:2      | Reached XP level 3. HP: 27/27 MP: 3/3
  1333 | D:2      | Noticed Natasha
  1338 | D:2      | Killed Natasha
  1338 | D:2      | Reached skill level 1 in Armour
  1338 | D:2      | Reached XP level 4. HP: 33/33 MP: 4/4
  1364 | D:2      | Noticed Natasha
  1374 | D:2      | Killed Natasha
  1374 | D:2      | Reached skill level 5 in Stealth
  1850 | D:2      | Noticed Natasha
  1889 | D:2      | Killed Natasha
  2107 | D:2      | Gained mutation: You are immune to rotting. [demonic ancestry]
  2107 | D:2      | Reached XP level 5. HP: 28/38 MP: 3/5
  3263 | D:3      | Found a sacrificial altar of Ru.
  3357 | D:3      | Slain by an orc

Skill      XL: |  1  2  3  4  5 |
---------------+----------------+-----
Stealth        | 4 5 |  5.4
Dodging        | 1 2 |  2.1
Short Blades   | 2 |  2.9
Armour         | 1 |  1.8
Fighting       | |  2.0
Throwing       | |  1.7

Action                   |  1- 3 |  4- 6 || total
-------------------------+-------+-------++-------
Melee: Dagger            |    81 |   205 ||   286
  Use: Potion            |       |     1 ||     1
 Stab: Sleeping          |     8 |     9 ||    17
       Distracted        |     1 |       ||     1
       Paralysed         |       |     1 ||     1
  Eat: Chunk             |     1 |     2 ||     3
       Bread ration      |       |     1 ||     1
Armor: Robe              |    15 |     4 ||    19
       Leather armour    |       |    36 ||    36
Dodge: Dodged            |    44 |   114 ||   158
